[Event "European Online Club-ch-G 2021"]
[Site "Online"]
[Date "2021.03.27"]
[Round "7.4"]
[White "Ozata, Doruk"]
[Black "Haring, Filip"]
[Result "0-1"]
[ECO "B13"]
[WhiteElo "1646"]
[BlackElo "2376"]
[Annotator "NA"]
[PlyCount "44"]
[EventDate "2021.03.27"]
[EventType "team-tourn"]
[EventCountry "NET"]
[SourceTitle "playchess.com"]
[Source "ChessBase"]
[SourceQuality "1"]
[TimeControl "900+5"]

1. e4 c6 2. d4 d5 3. exd5 cxd5 4. Bd3 Nc6 5. c3 e6 6. Bf4 Bd6 7. Bxd6 Qxd6 8. Nf3 Nge7 9. O-O f6 10. Re1 O-O 11. Qc2 g6 12. h4 e5 13. dxe5 fxe5 14. Bf1 e4 15. Nd4 Ne5 16. g3 Ng4 17. Re2 Nf5 18. Nxf5 Bxf5 19. Qb3 e3 20. fxe3 Qxg3+ 21. Rg2 Qxe3+ 22. Kh1 Be4 0-1

[Event "European Online Club-ch-G 2021"]
[Site "Online"]
[Date "2021.03.27"]
[Round "7.5"]
[White "Harvey, Marcus R"]
[Black "Bartel, Mateusz"]
[Result "0-1"]
[ECO "D04"]
[WhiteElo "2440"]
[BlackElo "2635"]
[Annotator "ChessBase"]
[PlyCount "72"]
[EventDate "2021.03.27"]
[EventType "team-tourn"]
[EventCountry "NET"]
[SourceTitle "playchess.com"]
[Source "ChessBase"]
[SourceQuality "1"]
[TimeControl "900+5"]

1. Nf3 g6 2. b3 Bg7 3. d4 d5 4. Bb2 Nf6 5. e3 O-O 6. c4 c6 7. Bd3 Bf5 8. Nc3 Nbd7 9. O-O Re8 10. Rc1 Bxd3 11. Qxd3 e6 12. Rfd1 Qa5 13. a3 a6 14. b4 Qc7 15. e4 dxe4 16. Nxe4 Nxe4 17. Qxe4 a5 18. b5 a4 19. Ne5 Nxe5 20. dxe5 Red8 21. bxc6 bxc6 22. g3 Bf8 23. Kg2 Rab8 24. Rxd8 Qxd8 25. Qc2 Qb6 26. Bc3 Qb3 27. Bb4 Bxb4 28. Qxb3 axb3 29. axb4 Rxb4 30. Kf3 b2 31. Rb1 Kg7 32. Ke3 c5 33. Kd3 Kh6 34. h4 g5 35. hxg5+ Kxg5 36. Kc2 Rxc4+ 0-1

[Event "European Online Club-ch-G 2021"]
[Site "Online"]
[Date "2021.03.27"]
[Round "7.6"]
[White "Gumularz, Szymon"]
[Black "Houska, Jovanka"]
[Result "1-0"]
[ECO "B13"]
[WhiteElo "2517"]
[BlackElo "2381"]
[Annotator "ChessBase"]
[PlyCount "93"]
[EventDate "2021.03.27"]
[EventType "team-tourn"]
[EventCountry "NET"]
[SourceTitle "playchess.com"]
[Source "ChessBase"]
[SourceQuality "1"]
[TimeControl "900+5"]

1. e4 c6 2. d4 d5 3. exd5 cxd5 4. Bd3 Nc6 5. c3 Qc7 6. h3 Nf6 7. Nf3 g6 8. O-O Bf5 9. Be2 Bg7 10. Be3 O-O 11. Nbd2 Bd7 12. Re1 Nh5 13. Nb3 Nf4 14. Bf1 Ne6 15. Qd2 b6 16. Bh6 Bxh6 17. Qxh6 Qf4 18. Qxf4 Nxf4 19. a4 h6 20. h4 Nh5 21. a5 bxa5 22. Nxa5 e6 23. Nxc6 Bxc6 24. Ne5 Be8 25. Ra5 g5 26. hxg5 hxg5 27. Rea1 Rb8 28. b4 Rc8 29. R1a3 f6 30. Nd3 Rf7 31. Nc5 Rcc7 32. Nxe6 Rce7 33. Ra6 Nf4 34. Nxf4 gxf4 35. f3 Re1 36. Ra1 Rfe7 37. Kf2 R1e3 38. R1a3 f5 39. b5 Re1 40. Rxa7 Rxa7 41. Rxa7 Rb1 42. Bd3 Rb2+ 43. Kg1 Bxb5 44. Rb7 Rxg2+ 45. Kxg2 Bxd3 46. Re7 Kf8 47. Re5 1-0

[Event "European Online Club-ch-G 2021"]
[Site "Online"]
[Date "2021.03.27"]
[Round "7.7"]
[White "Sukandar, Irine Kharisma"]
[Black "Mastrovasilis, Dimitrios"]
[Result "0-1"]
[ECO "B44"]
[WhiteElo "2413"]
[BlackElo "2609"]
[Annotator "ChessBase"]
[PlyCount "120"]
[EventDate "2021.03.27"]
[EventType "team-tourn"]
[EventCountry "NET"]
[SourceTitle "playchess.com"]
[Source "ChessBase"]
[SourceQuality "1"]
[TimeControl "900+5"]

1. e4 c5 2. Nf3 e6 3. d4 cxd4 4. Nxd4 Nc6 5. c4 Nf6 6. Nc3 Bb4 7. Qd3 d5 8. exd5 exd5 9. cxd5 Nxd5 10. Nxc6 bxc6 11. Bd2 O-O 12. O-O-O Nxc3 13. Bxc3 Qg5+ 14. Qd2 Qxd2+ 15. Bxd2 Bc5 16. f3 Be6 17. Kb1 Rad8 18. Ba6 Rd4 19. Be2 Ra4 20. b3 Bf5+ 21. Kb2 Bd4+ 22. Bc3 Bxc3+ 23. Kxc3 Rxa2 24. Rd2 Ra5 25. Bc4 Re8 26. Re1 Kf8 27. Rxe8+ Kxe8 28. Rd6 Ra2 29. g4 Bd7 30. h4 Ke7 31. Rd3 Be6 32. Re3 Rf2 33. Bd3 h6 34. Be4 Kd6 35. Rd3+ Bd5 36. Kd4 Rb2 37. Bxd5 cxd5 38. Rc3 Rd2+ 39. Ke3 Rh2 40. h5 Rb2 41. Kd3 Rb1 42. Kc2 Rf1 43. Re3 g6 44. hxg6 fxg6 45. Kd2 h5 46. gxh5 gxh5 47. Ke2 Rb1 48. f4 Rb2+ 49. Kf3 d4 50. Rd3 Kd5 51. f5 h4 52. f6 Ke6 53. Rxd4 Rxb3+ 54. Kg2 Kxf6 55. Ra4 Rg3+ 56. Kh2 Rg7 57. Rxh4 Ke5 58. Ra4 Kd5 59. Ra6 Kc5 60. Ra3 Kb4 0-1

[Event "European Online Club-ch-G 2021"]
[Site "Online"]
[Date "2021.03.27"]
[Round "7.8"]
[White "Tazbir, Marcin"]
[Black "Derakhshani, Borna"]
[Result "1-0"]
[ECO "A11"]
[WhiteElo "2513"]
[BlackElo "2373"]
[Annotator "ChessBase"]
[PlyCount "93"]
[EventDate "2021.03.27"]
[EventType "team-tourn"]
[EventCountry "NET"]
[SourceTitle "playchess.com"]
[Source "ChessBase"]
[SourceQuality "1"]
[TimeControl "900+5"]

1. c4 c6 2. Nf3 d5 3. e3 Nf6 4. Qc2 e6 5. b3 Be7 6. Bb2 Nbd7 7. g4 h6 8. Rg1 a5 9. a3 a4 10. b4 dxc4 11. Bxc4 b5 12. Be2 Bb7 13. Nc3 Qb6 14. d4 Rc8 15. h4 Nd5 16. Ne4 Qc7 17. g5 hxg5 18. hxg5 g6 19. Nc5 Bf8 20. e4 Nf4 21. d5 Rh3 22. Nxd7 Qxd7 23. Ne5 Qc7 24. dxe6 Nxe6 25. Bg4 Rb3 26. Nxg6 c5 27. Nxf8 Kxf8 28. Bxe6 fxe6 29. g6 Qh2 30. g7+ Kg8 31. Kf1 cxb4 32. Rd1 Qh3+ 33. Ke1 e5 34. Qd2 Re8 35. axb4 Bxe4 36. Qe2 Qh2 37. Rf1 Qf4 38. Qxb5 Re7 39. Qc4+ Qf7 40. Qxe4 Rxb2 41. Rd8+ Kxg7 42. Rg1+ Kf6 43. Qh4+ Ke6 44. Qh6+ Kf5 45. Rg5+ Ke4 46. Qh4+ Qf4 47. Qh1+ 1-0

[Event "European Online Club-ch-G 2021"]
[Site "Online"]
[Date "2021.03.27"]
[Round "7.9"]
[White "Borhy, Marcell"]
[Black "Jobava, Baadur"]
[Result "1-0"]
[ECO "D16"]
[WhiteElo "2392"]
[BlackElo "2603"]
[Annotator "ChessBase"]
[PlyCount "61"]
[EventDate "2021.03.27"]
[EventType "team-tourn"]
[EventCountry "NET"]
[SourceTitle "playchess.com"]
[Source "ChessBase"]
[SourceQuality "1"]
[TimeControl "900+5"]

1. Nf3 d5 2. d4 Nf6 3. c4 c6 4. Nc3 dxc4 5. a4 a5 6. e4 Bg4 7. Bxc4 e6 8. Be3 Bb4 9. Qc2 Nbd7 10. O-O O-O 11. Be2 Bh5 12. Rfd1 h6 13. d5 exd5 14. exd5 Bg6 15. Qb3 Ng4 16. dxc6 bxc6 17. Bf4 Qb6 18. Bg3 Rad8 19. Qc4 Ngf6 20. Nd4 Rc8 21. Bf3 Rfe8 22. Re1 Rxe1+ 23. Rxe1 Nc5 24. Rd1 Nce4 25. Bxe4 Nxe4 26. Nxe4 Bxe4 27. Nc2 Rd8 28. Rxd8+ Qxd8 29. Nxb4 axb4 30. f3 Qd1+ 31. Qf1 1-0

[Event "European Online Club-ch-G 2021"]
[Site "Online"]
[Date "2021.03.27"]
[Round "7.10"]
[White "Dreev, Aleksey"]
[Black "Persanyi, Barnabas"]
[Result "1/2-1/2"]
[ECO "E12"]
[WhiteElo "2647"]
[BlackElo "2364"]
[Annotator "ChessBase"]
[PlyCount "52"]
[EventDate "2021.03.27"]
[EventType "team-tourn"]
[EventCountry "NET"]
[SourceTitle "playchess.com"]
[Source "ChessBase"]
[SourceQuality "1"]
[TimeControl "900+5"]

1. d4 Nf6 2. Nf3 b6 3. c4 e6 4. a3 Bb7 5. Nc3 Ne4 6. Nxe4 Bxe4 7. Nd2 Bb7 8. e4 d6 9. Bd3 Nd7 10. O-O g6 11. Nf3 Bg7 12. Bg5 Qc8 13. Re1 O-O 14. Qd2 e5 15. Bc2 exd4 16. Nxd4 Ne5 17. b3 Nc6 18. Nxc6 Bxc6 19. Rad1 a5 20. a4 Re8 21. h3 Qe6 22. f4 Bf6 23. Bh6 Bg7 24. Bg5 Bf6 25. Bh6 Bg7 26. Bg5 Bf6 1/2-1/2

[Event "European Online Club-ch-G 2021"]
[Site "Online"]
[Date "2021.03.27"]
[Round "7.11"]
[White "Karacsonyi, Gellert"]
[Black "Piorun, Kacper"]
[Result "0-1"]
[ECO "B88"]
[WhiteElo "2321"]
[BlackElo "2615"]
[Annotator "ChessBase"]
[PlyCount "148"]
[EventDate "2021.03.27"]
[EventType "team-tourn"]
[EventCountry "NET"]
[SourceTitle "playchess.com"]
[Source "ChessBase"]
[SourceQuality "1"]
[TimeControl "900+5"]

1. e4 c5 2. Nf3 d6 3. d4 cxd4 4. Nxd4 Nf6 5. Nc3 a6 6. Bc4 e6 7. O-O Be7 8. Bb3 Nc6 9. Be3 O-O 10. f4 Na5 11. Qf3 Qc7 12. g4 Nxb3 13. axb3 Re8 14. f5 exf5 15. Nxf5 Be6 16. Bd4 Bxf5 17. gxf5 d5 18. e5 Bc5 19. exf6 Bxd4+ 20. Kh1 Bxf6 21. Nxd5 Qxc2 22. Nxf6+ gxf6 23. Rg1+ Kf8 24. Rg2 Qe4 25. Qc3 Re5 26. Rc1 Rd8 27. h3 Ke7 28. Kh2 Rd7 29. Rf2 a5 30. Rcc2 Qd4 31. Qxd4 Rxd4 32. Rc7+ Rd7 33. Rc3 h5 34. Kg3 Rd4 35. Rc7+ Kf8 36. Rxb7 h4+ 37. Kh2 Re3 38. Rb8+ Ke7 39. Rb7+ Ke8 40. Rb8+ Kd7 41. Rb7+ Ke8 42. Rb8+ Ke7 43. Rb7+ Rd7 44. Rxd7+ Kxd7 45. Rf4 Re2+ 46. Kg1 Rxb2 47. Rxh4 Rxb3 48. Rd4+ Ke7 49. Kg2 Rb5 50. Rf4 Rb4 51. Rf1 a4 52. Kg3 a3 53. h4 a2 54. Ra1 Ra4 55. Kh3 Kf8 56. Kg3 Kg7 57. Kf3 Kh6 58. Ke3 Kh5 59. Kd3 Kxh4 60. Kc3 Kh5 61. Kb2 Kg5 62. Rg1+ Kxf5 63. Ka1 Ke5 64. Re1+ Re4 65. Rf1 f5 66. Kxa2 f4 67. Kb2 Rc4 68. Kb3 Rc8 69. Kb4 Ke4 70. Re1+ Kd3 71. Re5 f3 72. Rf5 Ke2 73. Rxf7 f2 74. Re7+ Kf1 0-1

[Event "European Online Club-ch-G 2021"]
[Site "Online"]
[Date "2021.03.27"]
[Round "7.12"]
[White "Flom, Gabriel"]
[Black "Juhasz, Agoston"]
[Result "1-0"]
[ECO "A82"]
[WhiteElo "2474"]
[BlackElo "2356"]
[Annotator "ChessBase"]
[PlyCount "95"]
[EventDate "2021.03.27"]
[EventType "team-tourn"]
[EventCountry "NET"]
[SourceTitle "playchess.com"]
[Source "ChessBase"]
[SourceQuality "1"]
[TimeControl "900+5"]

1. d4 f5 2. e4 fxe4 3. Nc3 Nf6 4. Bg5 d5 5. f3 Bf5 6. fxe4 Nxe4 7. Nxe4 Bxe4 8. Nf3 Nc6 9. Bb5 Qd6 10. O-O O-O-O 11. Bxc6 Bxf3 12. Bxb7+ Kxb7 13. Rxf3 Qg6 14. Rb3+ Ka8 15. Bf4 e5 16. Bxe5 Bd6 17. Rg3 Qf5 18. Bxd6 Rxd6 19. Rxg7 Rf8 20. Qf1 Qc8 21. Rf7 Rxf7 22. Qxf7 Qg4 23. c3 Rd7 24. Qf8+ Kb7 25. Qb4+ Kc8 26. Rf1 Qe2 27. Qf8+ Kb7 28. Qf2 Qa6 29. a3 Re7 30. Qf3 Qc4 31. h3 Re2 32. b3 Qa6 33. Qxd5+ Qc6 34. Qxc6+ Kxc6 35. Rf6+ Kd5 36. Rf5+ Kd6 37. Rh5 Re3 38. Rh6+ Kd5 39. c4+ Kxd4 40. Rxh7 c5 41. Rb7 a5 42. a4 Kd3 43. h4 Ke2 44. Kh2 Re4 45. g3 Kf3 46. Kh3 Re8 47. h5 Rg8 48. Rf7+ 1-0

[Event "European Online Club-ch-G 2021"]
[Site "Online"]
[Date "2021.03.27"]
[Round "7.13"]
[White "Sevdimaliyev, Urfan"]
[Black "Grachev, Boris"]
[Result "0-1"]
[ECO "D03"]
[WhiteElo "2369"]
[BlackElo "2619"]
[Annotator "ChessBase"]
[PlyCount "86"]
[EventDate "2021.03.27"]
[EventType "team-tourn"]
[EventCountry "NET"]
[SourceTitle "playchess.com"]
[Source "ChessBase"]
[SourceQuality "1"]
[TimeControl "900+5"]

1. d4 d5 2. Nf3 Nf6 3. Bg5 c6 4. e3 Bf5 5. c4 Ne4 6. Bf4 e6 7. Nc3 Qb6 8. Qb3 Qxb3 9. axb3 Bb4 10. Rc1 Nd7 11. Nd2 Nxc3 12. bxc3 Ba3 13. Rd1 Bb2 14. Nb1 Bxb1 15. Rxb1 Bxc3+ 16. Kd1 e5 17. dxe5 Bxe5 18. cxd5 cxd5 19. Bxe5 Nxe5 20. Bb5+ Ke7 21. Ke2 Rhc8 22. Rhc1 a6 23. Bd3 Nxd3 24. Kxd3 Kd6 25. Kd4 Rc6 26. b4 Rxc1 27. Rxc1 b6 28. Rc3 h5 29. h4 f6 30. Rc1 g5 31. g3 g4 32. e4 dxe4 33. Kxe4 a5 34. b5 a4 35. Rc6+ Kd7 36. Kd5 a3 37. Rd6+ Ke7 38. Re6+ Kf7 39. Re1 Rc8 40. Ra1 Rc5+ 41. Kd4 Rxb5 42. Rxa3 Rf5 43. Ke3 Rf3+ 0-1

[Event "European Online Club-ch-G 2021"]
[Site "Online"]
[Date "2021.03.27"]
[Round "7.14"]
[White "Motylev, Alexander"]
[Black "Babayev, Talib"]
[Result "1-0"]
[ECO "B12"]
[WhiteElo "2641"]
[BlackElo "2282"]
[Annotator "ChessBase"]
[PlyCount "63"]
[EventDate "2021.03.27"]
[EventType "team-tourn"]
[EventCountry "NET"]
[SourceTitle "playchess.com"]
[Source "ChessBase"]
[SourceQuality "1"]
[TimeControl "900+5"]

1. e4 c6 2. d4 d5 3. e5 Bf5 4. h4 h5 5. Bd3 Bxd3 6. Qxd3 e6 7. Bg5 Be7 8. Nf3 Bxg5 9. hxg5 Ne7 10. Nc3 g6 11. g4 Qb6 12. O-O-O Nd7 13. gxh5 gxh5 14. Nh4 O-O-O 15. f4 Rdg8 16. Kb1 c5 17. Nb5 c4 18. Qa3 Qxb5 19. Qxe7 Re8 20. Qd6 Nb6 21. Rh3 Rd8 22. Qa3 Rd7 23. f5 Kb8 24. g6 exf5 25. g7 Rg8 26. Nxf5 Rdd8 27. Rxh5 Na4 28. c3 Qa6 29. Rh6 b6 30. Rf1 Qb5 31. Rf6 Qe8 32. Nd6 1-0

[Event "European Online Club-ch-G 2021"]
[Site "Online"]
[Date "2021.03.27"]
[Round "7.15"]
[White "Gasimov, Parviz"]
[Black "Najer, Evgeniy"]
[Result "1/2-1/2"]
[ECO "B12"]
[WhiteElo "2337"]
[BlackElo "2648"]
[Annotator "ChessBase"]
[PlyCount "135"]
[EventDate "2021.03.27"]
[EventType "team-tourn"]
[EventCountry "NET"]
[SourceTitle "playchess.com"]
[Source "ChessBase"]
[SourceQuality "1"]
[TimeControl "900+5"]

1. e4 c6 2. d4 d5 3. e5 Bf5 4. Nf3 e6 5. Be2 Ne7 6. O-O h6 7. Nbd2 Nd7 8. Nb3 Qc7 9. Bd2 a5 10. a4 g5 11. Ne1 c5 12. Nxc5 Nxc5 13. dxc5 Nc6 14. Bd3 Bxc5 15. Bxf5 exf5 16. Nd3 Be7 17. Qh5 Qd7 18. e6 Qxe6 19. Bxg5 Qg6 20. Qxg6 fxg6 21. Bxe7 Nxe7 22. Rfe1 Kf7 23. Re5 Rhd8 24. Nf4 Nc6 25. Rxd5 Rxd5 26. Nxd5 Rd8 27. c4 Nb4 28. Rd1 Nxd5 29. cxd5 Rd6 30. g3 Ke7 31. Kg2 Rb6 32. Re1+ Kd7 33. Re2 Rd6 34. Rd2 Rb6 35. h4 Rb4 36. Re2 Rxa4 37. Re6 Rb4 38. Rxg6 Rxb2 39. Rxh6 a4 40. Rh8 Rb6 41. Ra8 Ra6 42. Rb8 Ra7 43. h5 a3 44. h6 a2 45. h7 a1=Q 46. h8=Q Qxh8 47. Rxh8 Kd6 48. Rf8 b5 49. Rxf5 b4 50. Rf6+ Kxd5 51. Rb6 Kc4 52. f4 b3 53. g4 Ra5 54. Rc6+ Rc5 55. Re6 b2 56. Re1 Kd3 57. Rb1 Kc2 58. Rxb2+ Kxb2 59. Kf3 Kc3 60. Ke4 Rc4+ 61. Ke5 Kd3 62. g5 Re4+ 63. Kf5 Ke3 64. g6 Rxf4+ 65. Ke6 Rg4 66. Kf7 Kf4 67. g7 Rxg7+ 68. Kxg7 1/2-1/2

[Event "European Online Club-ch-G 2021"]
[Site "Online"]
[Date "2021.03.27"]
[Round "7.16"]
[White "Murzin, Volodar"]
[Black "Hasanzade, Toghrul"]
[Result "1-0"]
[ECO "C11"]
[WhiteElo "2478"]
[BlackElo "2322"]
[Annotator "ChessBase"]
[PlyCount "46"]
[EventDate "2021.03.27"]
[EventType "team-tourn"]
[EventCountry "NET"]
[SourceTitle "playchess.com"]
[Source "ChessBase"]
[SourceQuality "1"]
[TimeControl "900+5"]

1. e4 e6 2. d4 d5 3. Nc3 Nf6 4. e5 Nfd7 5. Nce2 c5 6. c3 cxd4 7. cxd4 f6 8. f4 fxe5 9. fxe5 Qh4+ 10. g3 Qe4 11. Kf2 Nxe5 12. Nf4 Qxh1 13. Qh5+ Nf7 14. Bg2 g6 15. Qe2 Qxh2 16. Nf3 Qxg2+ 17. Kxg2 Nc6 18. Nxd5 Bd6 19. Nf6+ Ke7 20. Ne4 Bd7 21. Nxd6 Nxd6 22. d5 Nd8 23. Bg5+ Ke8 1-0

[Event "European Online Club-ch-G 2021"]
[Site "Online"]
[Date "2021.03.27"]
[Round "7.17"]
[White "Stalmach, Richard"]
[Black "Flear, Glenn C"]
[Result "1-0"]
[ECO "D46"]
[WhiteElo "2296"]
[BlackElo "2431"]
[Annotator "NA"]
[PlyCount "109"]
[EventDate "2021.03.27"]
[EventType "team-tourn"]
[EventCountry "NET"]
[SourceTitle "playchess.com"]
[Source "ChessBase"]
[SourceQuality "1"]
[TimeControl "900+5"]

1. d4 d5 2. c4 e6 3. Nc3 c6 4. e3 Nf6 5. Nf3 Nbd7 6. Qc2 b6 7. Bd3 Bb7 8. O-O Be7 9. b3 O-O 10. Bb2 h6 11. Rad1 Qc7 12. Rfe1 Rac8 13. Ne2 Rfd8 14. Ng3 c5 15. cxd5 Nxd5 16. Qe2 cxd4 17. Nxd4 Nc3 18. Bxc3 Qxc3 19. Nh5 Nf6 20. Bb1 Nxh5 21. Qxh5 Bf6 22. Qg4 Bxd4 23. exd4 Qa5 24. h4 Qb4 25. Re3 Rc3 26. Re5 Qe7 27. Qf4 Qf6 28. Qxf6 gxf6 29. Re3 Rdc8 30. Rxc3 Rxc3 31. f3 f5 32. Kf2 Kg7 33. Ke2 Kf6 34. Kd2 Rc8 35. Bd3 Rd8 36. Kc3 Rc8+ 37. Kd2 Kg6 38. Ke3 Kf6 39. Bc4 Ke7 40. Kf4 Kd6 41. d5 Bxd5 42. Bxd5 exd5 43. Kxf5 Rc2 44. g4 Rxa2 45. Kf6 Ra3 46. Kxf7 Rxb3 47. f4 Rf3 48. f5 Rf4 49. Rg1 d4 50. f6 d3 51. g5 Ke5 52. Ke7 hxg5 53. hxg5 d2 54. f7 Kd4 55. f8=Q 1-0

[Event "European Online Club-ch-G 2021"]
[Site "Online"]
[Date "2021.03.27"]
[Round "7.18"]
[White "Boyer, Mahel"]
[Black "Gnojek, Petr"]
[Result "1-0"]
[ECO "E61"]
[WhiteElo "2333"]
[BlackElo "2267"]
[Annotator "NA"]
[PlyCount "55"]
[EventDate "2021.03.27"]
[EventType "team-tourn"]
[EventCountry "NET"]
[SourceTitle "playchess.com"]
[Source "ChessBase"]
[SourceQuality "1"]
[TimeControl "900+5"]

1. d4 Nf6 2. c4 d6 3. Nf3 g6 4. Nc3 Nbd7 5. Bg5 Bg7 6. e3 O-O 7. Be2 c5 8. h3 cxd4 9. exd4 b6 10. O-O Bb7 11. Re1 Rc8 12. d5 h6 13. Bh4 Nc5 14. Bf1 Qd7 15. b4 Na6 16. a3 g5 17. Nxg5 hxg5 18. Bxg5 e6 19. Re3 exd5 20. Rg3 Qf5 21. Bd3 Qe5 22. Qf3 Ne4 23. Nxe4 dxe4 24. Bf6 Qxa1+ 25. Bxa1 f6 26. Bxe4 Bxe4 27. Qxe4 Nc7 28. Qg4 1-0

[Event "European Online Club-ch-G 2021"]
[Site "Online"]
[Date "2021.03.27"]
[Round "7.19"]
[White "Frank, Adam"]
[Black "Collier, Timothy"]
[Result "1-0"]
[ECO "B15"]
[WhiteElo "2238"]
[BlackElo "2074"]
[Annotator "NA"]
[PlyCount "67"]
[EventDate "2021.03.27"]
[EventType "team-tourn"]
[EventCountry "NET"]
[SourceTitle "playchess.com"]
[Source "ChessBase"]
[SourceQuality "1"]
[TimeControl "900+5"]

1. e4 c6 2. d4 d5 3. Nd2 dxe4 4. Nxe4 Nf6 5. Nxf6+ exf6 6. c3 Bf5 7. Bd3 Bg6 8. Ne2 Bd6 9. Be3 Qc7 10. h4 Nd7 11. h5 Bxd3 12. Qxd3 O-O-O 13. O-O-O g6 14. Kb1 f5 15. g3 Kb8 16. c4 c5 17. d5 Ne5 18. Qb3 Ng4 19. hxg6 hxg6 20. Nf4 Qb6 21. Qc2 Be5 22. Bc1 Kc8 23. f3 Nf6 24. Nd3 Rxh1 25. Rxh1 Bxg3 26. Qg2 Bd6 27. Bg5 Be7 28. Ne5 Re8 29. Nxf7 Nh5 30. Re1 Qb4 31. Qe2 Ng3 32. Qe6+ Kb8 33. Bf4+ Ka8 34. Bxg3 1-0

[Event "European Online Club-ch-G 2021"]
[Site "Online"]
[Date "2021.03.27"]
[Round "7.20"]
[White "Hmamouche, Youssef"]
[Black "Paseka, Matyas"]
[Result "1-0"]
[ECO "E61"]
[WhiteElo "1926"]
[BlackElo "2069"]
[Annotator "NA"]
[PlyCount "65"]
[EventDate "2021.03.27"]
[EventType "team-tourn"]
[EventCountry "NET"]
[SourceTitle "playchess.com"]
[Source "ChessBase"]
[SourceQuality "1"]
[TimeControl "900+5"]

1. d4 Nf6 2. Nf3 g6 3. c4 Bg7 4. Nc3 O-O 5. Bg5 d6 6. e3 Nbd7 7. Qc2 c6 8. Be2 e5 9. h3 Qc7 10. O-O Re8 11. Rac1 b6 12. Rfd1 Bb7 13. Bh4 Rad8 14. Bg3 Nh5 15. Bh2 f5 16. b4 Nf8 17. c5 bxc5 18. bxc5 f4 19. cxd6 Rxd6 20. dxe5 Rxd1+ 21. Nxd1 Ne6 22. Bc4 Kh8 23. Bxe6 Rxe6 24. exf4 Bh6 25. Ng5 Bxg5 26. fxg5 Ng7 27. Ne3 Qc8 28. Nc4 Ba8 29. Nd6 Qf8 30. Qb3 Re7 31. Rb1 Rd7 32. Qb8 Rd8 33. Qxd8 1-0

[Event "European Online Club-ch-G 2021"]
[Site "Online"]
[Date "2021.03.27"]
[Round "8.1"]
[White "Altun, Arda"]
[Black "Flear, Glenn C"]
[Result "1/2-1/2"]
[ECO "C68"]
[WhiteElo "2074"]
[BlackElo "2431"]
[Annotator "NA"]
[PlyCount "61"]
[EventDate "2021.03.27"]
[EventType "team-tourn"]
[EventCountry "NET"]
[SourceTitle "playchess.com"]
[Source "ChessBase"]
[SourceQuality "1"]
[TimeControl "900+5"]

1. e4 e5 2. Nf3 Nc6 3. Bb5 a6 4. Bxc6 dxc6 5. O-O Bd6 6. d4 exd4 7. Qxd4 f6 8. Bd2 Qe7 9. Re1 Be6 10. Nc3 Bc5 11. Qd3 Qf7 12. e5 Ne7 13. exf6 gxf6 14. Ne4 Bf5 15. Bc3 Bxe4 16. Rxe4 O-O 17. Rg4+ Ng6 18. Rd1 Be7 19. Qf5 Rad8 20. Rxd8 Rxd8 21. h4 Qd5 22. Rxg6+ hxg6 23. Qxg6+ Kf8 24. Ng5 Qd1+ 25. Kh2 Qd6+ 26. g3 fxg5 27. Bg7+ Kg8 28. Bf6+ Kf8 29. Bg7+ Kg8 30. Bf6+ Kf8 31. Bg7+ 1/2-1/2

[Event "European Online Club-ch-G 2021"]
[Site "Online"]
[Date "2021.03.27"]
[Round "8.2"]
[White "Boyer, Mahel"]
[Black "Danaci, Ege"]
[Result "0-1"]
[ECO "B25"]
[WhiteElo "2333"]
[BlackElo "1996"]
[Annotator "NA"]
[PlyCount "68"]
[EventDate "2021.03.27"]
[EventType "team-tourn"]
[EventCountry "NET"]
[SourceTitle "playchess.com"]
[Source "ChessBase"]
[SourceQuality "1"]
[TimeControl "900+5"]

1. e4 c5 2. d3 Nc6 3. g3 g6 4. Bg2 Bg7 5. f4 d6 6. Nf3 Nf6 7. O-O O-O 8. Nc3 Rb8 9. h3 b5 10. g4 b4 11. Ne2 a5 12. Rb1 a4 13. b3 axb3 14. axb3 Nd7 15. Be3 Ra8 16. Qd2 Ra2 17. Nc1 Ra8 18. Ne2 Bb7 19. Ng3 Ra2 20. h4 Qc7 21. h5 Nd4 22. Rfc1 Nb5 23. Rf1 Rfa8 24. f5 Nd4 25. Ne1 Ne5 26. Bh3 Rxc2 27. Qd1 Rca2 28. g5 d5 29. Bf4 dxe4 30. fxg6 Nef3+ 31. Nxf3 Qxf4 32. gxf7+ Kf8 33. Nh1 Nxf3+ 34. Rxf3 Qh2+ 0-1

[Event "European Online Club-ch-G 2021"]
[Site "Online"]
[Date "2021.03.27"]
[Round "8.3"]
[White "Yildirim, Ibrahim Halil"]
[Black "Hmamouche, Youssef"]
[Result "1-0"]
[ECO "B53"]
[WhiteElo "1783"]
[BlackElo "1926"]
[Annotator "NA"]
[PlyCount "113"]
[EventDate "2021.03.27"]
[EventType "team-tourn"]
[EventCountry "NET"]
[SourceTitle "playchess.com"]
[Source "ChessBase"]
[SourceQuality "1"]
[TimeControl "900+5"]

1. e4 c5 2. Nf3 d6 3. d4 cxd4 4. Qxd4 Nc6 5. Bb5 Bd7 6. Bxc6 bxc6 7. c4 e5 8. Qd3 Be7 9. Nc3 h6 10. O-O Nf6 11. c5 Bg4 12. cxd6 Qxd6 13. Qxd6 Bxd6 14. Be3 O-O 15. Rac1 Rfc8 16. Nd2 Be6 17. f3 a6 18. b3 Nd7 19. Na4 Rab8 20. Rc2 c5 21. Rfc1 Rb5 22. Nc4 Be7 23. Ncb2 f6 24. Nd3 c4 25. Ndb2 Ba3 26. Rd1 c3 27. Nd3 Rb7 28. Rxc3 Rxc3 29. Nxc3 Rc7 30. Nd5 Bxd5 31. exd5 Rc2 32. Rd2 Rc8 33. Kf2 Kf7 34. Ke2 Ke7 35. Kd1 Kd6 36. Nf2 f5 37. g4 g6 38. Bxh6 Rc1+ 39. Ke2 Rc5 40. gxf5 gxf5 41. Bg5 Rxd5 42. Be7+ Kxe7 43. Rxd5 Ke6 44. Ra5 Bb2 45. Rxa6+ Kf7 46. Nd3 Bc3 47. Rc6 Ba1 48. Rc1 Bd4 49. a4 Ke6 50. b4 Nb6 51. a5 Na4 52. Nc5+ Nxc5 53. bxc5 Kd7 54. a6 Kc7 55. a7 Kb7 56. c6+ Kxa7 57. c7 1-0

[Event "European Online Club-ch-G 2021"]
[Site "Online"]
[Date "2021.03.27"]
[Round "8.5"]
[White "Motylev, Alexander"]
[Black "Mica, Marek"]
[Result "1-0"]
[ECO "B12"]
[WhiteElo "2641"]
[BlackElo "2274"]
[Annotator "ChessBase"]
[PlyCount "81"]
[EventDate "2021.03.27"]
[EventType "team-tourn"]
[EventCountry "NET"]
[SourceTitle "playchess.com"]
[Source "ChessBase"]
[SourceQuality "1"]
[TimeControl "900+5"]

1. e4 c6 2. d4 d5 3. e5 Bf5 4. h4 h5 5. Bd3 Bxd3 6. Qxd3 e6 7. Bg5 Be7 8. Nf3 Nh6 9. Bxh6 Rxh6 10. Nc3 Qa5 11. O-O Qa6 12. Qe3 Nd7 13. Ne2 c5 14. c3 Rc8 15. Nf4 Rh8 16. g3 Nb6 17. Rfc1 g6 18. Nh3 Kf8 19. dxc5 Rxc5 20. Nd4 Nd7 21. Nf4 Kg7 22. a4 Rcc8 23. a5 Bc5 24. b4 Bxd4 25. cxd4 Qb5 26. Nh3 Rc6 27. Ng5 Rhc8 28. Rxc6 bxc6 29. Qf3 Rf8 30. Qc3 Nb8 31. Rc1 Qb7 32. Kg2 Qe7 33. Qd2 Rd8 34. Rc3 Qxb4 35. Nxf7 Rf8 36. Ng5 Qe7 37. Rb3 Rc8 38. Qb2 Nd7 39. Rb7 Kf8 40. Rxa7 Ke8 41. Qb1 1-0